[Event "Titled Tuesday Blitz July 27 2021"]
[White "Andreikin, Dmitry"]
[Black "Terry, Renato"]
[WhiteFideId "4158814"]
[BlackFideId "3803457"]
[WhiteElo "2782"]
[BlackElo "2581"]
[Result "1-0"]
[Round "09"]
[TimeControl "180+1"]
[Date "2021.07.27"]
[WhiteClock "0:00:35"]
[BlackClock "0:00:01"]

1. Nf3 d5 2. e3 Nf6 3. c4 e6 4. Nc3 dxc4 5. Bxc4 c5 6. O-O a6 7. d4 b5 8. Be2 Bb7 9. dxc5 Bxc5 10. Qxd8+ Kxd8 11. Nd2 Nbd7 12. Nb3 Bb6 13. a4 b4 14. a5 Bc7 15. Na4 Bd6 16. f3 Ke7 17. e4 Bc6 18. Be3 Bxa4 19. Rxa4 Rhc8 20. Raa1 Rc2 21. Nd4 Rxb2 22. Bc1 Rxe2 23. Nxe2 Bc5+ 24. Kh1 Ne5 25. Rd1 Nfd7 26. Bb2 Nc4 27. Bd4 Ne3 28. Rdc1 Bxd4 29. Nxd4 Ne5 30. Rab1 Nd3 31. Rc7+ Kd6 32. Rxf7 Rc8 33. Ra7 Rc4 34. Rxa6+ Kd7 35. Nb3 Rc2 36. Ra7+ Kd6 37. Rxg7 Ke5 38. a6 Ra2 39. Ra1 1-0


[Site "https://www.chess.com"]

[Event "Titled Tuesday Blitz July 27 2021"]
[White "Asadli, Vugar"]
[Black "Bok, Benjamin"]
[WhiteFideId "13405764"]
[BlackFideId "1017063"]
[WhiteElo "2386"]
[BlackElo "2658"]
[Result "1-0"]
[Round "09"]
[TimeControl "180+1"]
[Date "2021.07.27"]
[WhiteClock "0:00:22"]
[BlackClock "0:00:03"]

1. e4 c5 2. Nf3 d6 3. d4 cxd4 4. Nxd4 Nf6 5. Nc3 Nc6 6. Bg5 e6 7. Qd2 a6 8. O-O-O Bd7 9. f4 Be7 10. Nf3 b5 11. Bxf6 gxf6 12. Kb1 Qb6 13. f5 b4 14. Ne2 e5 15. Ng3 h5 16. Bc4 Na5 17. Bd5 Rc8 18. h4 Nc4 19. Bxc4 Rxc4 20. Rhe1 a5 21. Nf1 Qb7 22. Ng3 a4 23. b3 Rc3 24. Re3 Rxe3 25. Qxe3 Rg8 26. Nxh5 Bc6 27. Nd2 Rxg2 28. Nc4 Qc7 29. Rg1 Bxe4 30. Rxg2 Bxg2 31. Qh6 Bd5 32. Ng7+ Kd7 33. Qh8 Qd8 34. Nb6+ Kc6 35. Qxd8 Bxd8 36. Nxd5 Kxd5 37. h5 Be7 38. bxa4 Bf8 39. Ne8 Kc6 40. Nxf6 d5 41. a5 d4 42. a6 Bg7 43. Ne4 Kb6 44. f6 Bf8 45. Ng5 Kxa6 46. Nxf7 e4 47. h6 e3 48. Kc1 Kb5 49. h7 1-0


[Site "https://www.chess.com"]

[Event "Titled Tuesday Blitz July 27 2021"]
[White "Bortnyk, Olexandr"]
[Black "Urazayev, Arystanbek"]
[WhiteFideId "14120828"]
[BlackFideId "13709810"]
[WhiteElo "2723"]
[BlackElo "2321"]
[Result "1/2-1/2"]
[Round "09"]
[TimeControl "180+1"]
[Date "2021.07.27"]
[WhiteClock "0:00:08"]
[BlackClock "0:00:11"]

1. d4 d5 2. Nc3 e6 3. Bf4 Bd6 4. e3 Ne7 5. Nf3 Ng6 6. Bg3 O-O 7. Bd3 c5 8. dxc5 Bxc5 9. h4 f5 10. h5 Ne7 11. h6 g6 12. Be5 Nbc6 13. Bg7 Rf7 14. Ng5 e5 15. Nxf7 Kxf7 16. Qf3 e4 17. Bxe4 dxe4 18. Nxe4 Qd5 19. Ng5+ Kg8 20. Qxd5+ Nxd5 21. O-O-O Nc7 22. Bc3 Be7 23. Nf3 Be6 24. Rd2 Nd5 25. Bg7 Nb6 26. b3 Bb4 27. Rd3 Ba3+ 28. Kb1 a5 29. Rhd1 a4 30. Ng5 Bf7 31. g4 axb3 32. axb3 Be7 33. Nxf7 Kxf7 34. gxf5 gxf5 35. Rg1 Nb4 36. Rdd1 N4d5 37. c4 Nf6 38. f3 Nbd7 39. e4 fxe4 40. fxe4 Nc5 41. e5 Nfe4 42. Kb2 Ke6 43. Rd4 Nf2 44. Rf1 Ncd3+ 45. Kb1 Bb4 46. Bf6 Ra3 47. Rxf2 Nxf2 48. Kb2 Ra6 49. Rd8 Ne4 50. Re8+ Kf5 51. Bg7 Bc5 52. e6 Bd4+ 53. Bxd4 Rxe6 54. Rf8+ Kg6 55. Bg7 b6 56. Rc8 Nc5 57. b4 Ne4 58. Kc2 Nd6 59. Rc6 Kf7 60. Kd3 Nf5 61. Rc7+ Kg6 62. c5 bxc5 63. Rxc5 Nxg7 64. hxg7 Kxg7 65. b5 Re1 66. Kc2 Re4 67. Kb3 Re1 68. Rc2 Kf6 69. b6 Re6 70. Rh2 Rxb6+ 71. Kc4 Rb7 72. Kd5 Re7 73. Kd4 Kg5 74. Rg2+ Kf4 75. Rh2 Kg3 76. Rh6 Kg4 77. Kd3 Kg5 78. Rh2 h5 79. Re2 Rd7+ 80. Ke3 Kg4 81. Rg2+ Kh3 82. Rg5 Re7+ 83. Kf2 h4 84. Rf5 Kh2 85. Rf8 h3 86. Rf6 Ra7 87. Rf8 Ra2+ 88. Kf1 Rg2 89. Rf7 Rg6 90. Rf3 Rg1+ 91. Kf2 Rg2+ 92. Kf1 Ra2 93. Rf2+ Rxf2+ 94. Kxf2 Kh1 95. Kf1 Kh2 96. Kf2 Kh1 97. Kf1 Kh2 98. Kf2 1/2-1/2


[Site "https://www.chess.com"]

[Event "Titled Tuesday Blitz July 27 2021"]
[White "Damjanovic, Vladimir"]
[Black "Siva Mahadevan"]
[WhiteFideId "903795"]
[BlackFideId "25043153"]
[WhiteElo "2374"]
[BlackElo "2203"]
[Result "0-1"]
[Round "09"]
[TimeControl "180+1"]
[Date "2021.07.27"]
[WhiteClock "0:00:01"]
[BlackClock "0:00:27"]

1. d4 Nf6 2. Nc3 d5 3. Bf4 g6 4. e3 Bg7 5. h4 O-O 6. h5 c5 7. hxg6 hxg6 8. Nf3 Nc6 9. Ne5 cxd4 10. exd4 Nd7 11. Nxd5 Qa5+ 12. Nc3 Ndxe5 13. dxe5 Nxe5 14. Qd5 Qc7 15. O-O-O Nd3+ 16. Bxd3 Qxf4+ 17. Kb1 Be6 18. Qe4 Qxf2 19. Rdf1 Qb6 20. Qh4 Rfd8 21. Bxg6 Bxa2+ 22. Kxa2 Qxg6 23. Rf3 Qe6+ 24. Kb1 Kf8 25. Rhf1 f6 26. Rg3 Qf7 27. Rh1 Ke8 28. Qh7 Bf8 29. Qe4 Rac8 30. Qxb7 Qc4 31. Re1 Rb8 32. Qf3 Rb6 33. Qh5+ Qf7 34. Qxf7+ Kxf7 35. Rd3 Rdb8 36. b3 a5 37. Na4 Rb4 38. Ka2 Rg4 39. Re2 e5 40. c4 Bb4 41. Rd5 Rbg8 0-1


[Site "https://www.chess.com"]

[Event "Titled Tuesday Blitz July 27 2021"]
[White "Dardha, Daniel"]
[Black "Hansen, Eric"]
[WhiteFideId "240990"]
[BlackFideId "2606771"]
[WhiteElo "2489"]
[BlackElo "2568"]
[Result "0-1"]
[Round "09"]
[TimeControl "180+1"]
[Date "2021.07.27"]
[WhiteClock "0:00:28"]
[BlackClock "0:01:56"]

1. d4 Nf6 2. Bg5 d5 3. Bxf6 exf6 4. e3 Bd6 5. g3 f5 6. Bg2 c6 7. Nd2 Be6 8. Ne2 Nd7 9. O-O Nf6 10. b3 h5 11. c4 h4 12. Nf4 hxg3 13. hxg3 Bxf4 14. exf4 dxc4 15. Nxc4 O-O 16. Re1 Qc7 17. Qc2 Rad8 18. Rad1 g6 19. Ne5 Bd5 20. b4 a6 21. a3 Rfe8 22. Bxd5 Rxd5 23. Kg2 Red8 24. Nf3 a5 25. Rh1 axb4 26. axb4 Kg7 27. Qc3 Qe7 0-1


[Site "https://www.chess.com"]

[Event "Titled Tuesday Blitz July 27 2021"]
[White "Demchenko, Anton"]
[Black "Weetik, Vjacheslav"]
[WhiteFideId "4160258"]
[BlackFideId "4153472"]
[WhiteElo "2593"]
[BlackElo "2469"]
[Result "1-0"]
[Round "09"]
[TimeControl "180+1"]
[Date "2021.07.27"]
[WhiteClock "0:00:06"]
[BlackClock "0:00:01"]

1. e4 e5 2. Nf3 Nc6 3. Bc4 Nf6 4. d3 Be7 5. O-O O-O 6. Nc3 d6 7. a3 Bg4 8. h3 Bh5 9. Be3 Nd7 10. Ba2 Kh8 11. g4 Bg6 12. Ne2 Nc5 13. Ng3 Ne6 14. Nf5 Bxf5 15. gxf5 Nf4 16. Bxf4 exf4 17. Qd2 Bg5 18. Kh1 Ne5 19. Nxe5 dxe5 20. Qe2 g6 21. Qg4 Qf6 22. Rg1 Bh6 23. Rad1 Rg8 24. c3 Rad8 25. Bc4 c6 26. a4 Rd6 27. b4 Rdd8 28. a5 b5 29. axb6 axb6 30. b5 gxf5 31. Qxf5 Qxf5 32. exf5 cxb5 33. Bxb5 Rg5 34. Rxg5 Bxg5 35. Ra1 Rc8 36. Ra7 Rxc3 37. Kg2 e4 38. dxe4 Bh4 39. Be2 Kg7 40. e5 Rc5 41. f6+ Kh6 42. Rxf7 Rxe5 43. Bd3 Kg5 44. Rxh7 Rd5 45. f7 Rd8 46. Kf3 Rf8 47. Bc4 b5 48. Bxb5 1-0


[Site "https://www.chess.com"]

[Event "Titled Tuesday Blitz July 27 2021"]
[White "Indjic, Aleksandar"]
[Black "Timmermans, Mark"]
[WhiteFideId "911925"]
[BlackFideId "1026399"]
[WhiteElo "2643"]
[BlackElo "2460"]
[Result "1-0"]
[Round "09"]
[TimeControl "180+1"]
[Date "2021.07.27"]
[WhiteClock "0:01:24"]
[BlackClock "0:00:17"]

1. d4 e6 2. Nf3 d5 3. c4 Nf6 4. Bg5 a6 5. Nbd2 Be7 6. Qc2 Nbd7 7. e3 O-O 8. cxd5 exd5 9. Be2 h6 10. Bh4 c6 11. O-O Re8 12. Bd3 Nf8 13. Bg3 Be6 14. Rab1 a5 15. a3 c5 16. dxc5 Rc8 17. b4 Bd7 18. Nd4 Ne6 19. N2f3 Bf8 20. Nxe6 fxe6 21. Rfc1 Ng4 22. h3 Nf6 23. Bg6 Re7 24. Bd6 Bb5 25. Ne5 Rd7 26. Bxf8 Kxf8 27. Nxd7+ Qxd7 28. Qb2 a4 29. Qd4 Qc7 30. f4 Kg8 31. Rd1 Rf8 32. Rbc1 Kh8 33. Qb2 Qc6 34. Qe5 Nd7 35. Qd6 Rf6 36. Bd3 e5 37. Qxc6 1-0


[Site "https://www.chess.com"]

[Event "Titled Tuesday Blitz July 27 2021"]
[White "Ivanov, Oleg"]
[Black "Grigorjev, Iljya"]
[WhiteFideId "4103114"]
[BlackFideId "24159565"]
[WhiteElo "2768"]
[BlackElo "2142"]
[Result "1-0"]
[Round "09"]
[TimeControl "180+1"]
[Date "2021.07.27"]
[WhiteClock "0:00:05"]
[BlackClock "0:00:02"]

1. c4 Nf6 2. g3 c5 3. Bg2 Nc6 4. Nc3 g6 5. d3 Bg7 6. Qd2 O-O 7. b3 e6 8. Bb2 d5 9. Nf3 d4 10. Nd1 e5 11. O-O Re8 12. e4 a5 13. a3 Qd6 14. h3 a4 15. bxa4 Rxa4 16. Qc2 Ra7 17. Bc1 Bd7 18. Rb1 Nd8 19. Kh2 Ne6 20. Ng1 Bc6 21. f4 exf4 22. gxf4 Nh5 23. e5 Qc7 24. Qf2 Nexf4 25. Bxc6 bxc6 26. Qf3 Bxe5 27. Kh1 Bd6 28. Nf2 Ne2 29. Nxe2 Rxe2 30. Ne4 Ra2 31. Bh6 f5 32. Rbe1 Ra8 33. Nxd6 Qxd6 34. Rf2 R2xa3 35. Kg2 Ra2 36. Ree2 Rxe2 37. Rxe2 Kf7 38. Rb2 Re8 39. Rb7+ Re7 40. Rb2 Qe6 41. Bg5 Rd7 42. Re2 Qxe2+ 43. Qxe2 h6 44. Bxh6 Re7 45. Qf3 Re6 46. Bg5 Kg7 47. Qf2 Kf7 48. Qa2 Ke8 49. Qa8+ Kf7 50. Qb7+ Kf8 51. Qc8+ Re8 52. Qxc6 Re2+ 53. Kf3 Rh2 54. Qxc5+ Kg8 55. Qc8+ Kh7 56. Qc7+ 1-0


[Site "https://www.chess.com"]

[Event "Titled Tuesday Blitz July 27 2021"]
[White "Khusnutdinov, Rustam"]
[Black "Madaminov, Mukhiddin"]
[WhiteFideId "13701703"]
[BlackFideId "14210703"]
[WhiteElo "2571"]
[BlackElo "1747"]
[Result "0-1"]
[Round "09"]
[TimeControl "180+1"]
[Date "2021.07.27"]
[WhiteClock "0:00:34"]
[BlackClock "0:00:14"]

1. d4 Nf6 2. c4 e6 3. Nc3 Bb4 4. g3 d5 5. Bg2 dxc4 6. Nf3 c5 7. O-O O-O 8. dxc5 Nc6 9. Qa4 Bxc5 10. Qxc4 Qe7 11. Bg5 Bb6 12. Ne4 e5 13. e3 Be6 14. Qa4 Rfd8 15. Rfd1 Bf5 16. Nh4 Bxe4 17. Bxe4 h6 18. Nf5 Qe6 19. Bxf6 Qxf6 20. a3 h5 21. Qb3 g6 22. Nh4 Kg7 23. Kg2 Rac8 24. Nf3 Kh6 25. h4 Kg7 26. Ng5 Na5 27. Qa2 Nc6 28. Rd5 Rxd5 29. Bxd5 Ne7 30. Be4 Nf5 31. Qb3 Nd6 32. Rd1 Nxe4 33. Nxe4 Qc6 34. Qd5 Qxd5 35. Rxd5 Rc2 36. Kf3 Rxb2 37. Rd7 Kf8 38. Rxb7 f5 39. Ng5 e4+ 40. Kf4 Bxe3+ 41. fxe3 Rxb7 42. Ke5 Kg7 43. Ne6+ Kh6 44. Nf4 Rb3 0-1


[Site "https://www.chess.com"]

[Event "Titled Tuesday Blitz July 27 2021"]
[White "Krysa, Leandro"]
[Black "Ahmadzada, Ahmad"]
[WhiteFideId "116807"]
[BlackFideId "13413007"]
[WhiteElo "2490"]
[BlackElo "2226"]
[Result "1-0"]
[Round "09"]
[TimeControl "180+1"]
[Date "2021.07.27"]
[WhiteClock "0:00:05"]
[BlackClock "0:00:02"]

1. e4 d5 2. exd5 Qxd5 3. Nf3 Nf6 4. Be2 Nc6 5. d4 Bg4 6. c4 Qh5 7. d5 O-O-O 8. Qa4 Ne5 9. Qxa7 Nxf3+ 10. gxf3 Bxf3 11. Qa8+ Kd7 12. Qxb7 Bxe2 13. Nc3 Bxc4 14. Qc6+ Kc8 15. Bf4 e5 16. dxe6 Qa5 17. Qxc4 fxe6 18. O-O Bd6 19. Bg3 Nd5 20. Nb5 Bxg3 21. hxg3 Rd7 22. Rac1 Rhd8 23. Rfe1 Qb6 24. Qa4 Kb8 25. Nd4 Ne7 26. Nxe6 Rd2 27. Qf4 R8d6 28. Nxc7 Ng6 29. Re8+ Kb7 30. Qf3+ Rc6 31. Rxc6 Qxc6 32. Rb8+ Kxc7 33. Rc8+ 1-0


[Site "https://www.chess.com"]

[Event "Titled Tuesday Blitz July 27 2021"]
[White "Le, Tuan Minh"]
[Black "Mekhitarian, Krikor Sevag"]
[WhiteFideId "12401153"]
[BlackFideId "2107660"]
[WhiteElo "2450"]
[BlackElo "2598"]
[Result "0-1"]
[Round "09"]
[TimeControl "180+1"]
[Date "2021.07.27"]
[WhiteClock "0:00:03"]
[BlackClock "0:00:04"]

1. d4 Nf6 2. Nf3 d5 3. Bg5 Ne4 4. Bf4 c5 5. c3 Nc6 6. e3 Qb6 7. Qb3 c4 8. Qc2 Bf5 9. Qc1 f6 10. h3 e5 11. Bh2 exd4 12. exd4 g5 13. Nbd2 h5 14. Nxe4 Bxe4 15. Nd2 Bg6 16. Be2 Bh6 17. Nf1 O-O 18. Ne3 Ne7 19. O-O Rad8 20. b3 cxb3 21. axb3 a6 22. Qd1 h4 23. Re1 Bg7 24. Bd3 f5 25. b4 f4 26. Ng4 Bxd3 27. Qxd3 Nf5 28. Kh1 Qc7 29. Rac1 Qc4 30. Qf3 Rde8 31. Bg1 Qc6 32. Qd3 Re4 33. f3 Ng3+ 34. Kh2 Rxe1 35. Rxe1 Re8 36. Bf2 Rxe1 37. Bxe1 Qe6 38. Bf2 b5 39. Qb1 Kf7 40. Qh7 Kf8 41. Qc2 Kf7 42. Qb1 Qg6 43. Qa1 Qc6 44. Bxg3 fxg3+ 45. Kg1 Qe6 46. Qb1 Ke7 47. Kf1 Kd7 48. Qh7 Qe7 49. Qf5+ Kc6 50. Qd3 Kb6 51. Ne3 Qe6 52. Ke2 Bf8 53. Qf5 Qxf5 54. Nxf5 Kc6 55. Kd3 Kd7 56. Ke2 Ke6 57. Ne3 Bd6 58. Nc2 Bc7 59. Ne1 Bf4 60. Nd3 Bd6 61. Nc5+ Bxc5 62. dxc5 Kd7 63. Ke3 Kc7 64. f4 g4 65. hxg4 a5 66. bxa5 b4 67. a6 h3 68. a7 hxg2 69. c6 g1=Q+ 70. Kf3 Qf2# 0-1


[Site "https://www.chess.com"]

[Event "Titled Tuesday Blitz July 27 2021"]
[White "Libiszewski, Fabien"]
[Black "Nesterov, Arseniy"]
[WhiteFideId "616834"]
[BlackFideId "24198455"]
[WhiteElo "2440"]
[BlackElo "2477"]
[Result "1-0"]
[Round "09"]
[TimeControl "180+1"]
[Date "2021.07.27"]
[WhiteClock "0:00:07"]
[BlackClock "0:00:07"]

1. e4 e5 2. Nf3 Nc6 3. Bb5 a6 4. Ba4 b5 5. Bb3 Na5 6. O-O d6 7. d4 exd4 8. Nxd4 Bb7 9. Re1 c5 10. Bxf7+ Kxf7 11. Nf5 Nf6 12. Nc3 Qd7 13. Bg5 Be7 14. Bxf6 Bxf6 15. Nxd6+ Kg8 16. e5 Be7 17. Nd5 Bf8 18. Nxb7 Qxb7 19. e6 Nc6 20. Qf3 Ra7 21. Rad1 Nd4 22. Rxd4 cxd4 23. e7 Bxe7 24. Nxe7+ Qxe7 25. Qd5+ Kf8 26. Rxe7 Rxe7 27. h4 Rg8 28. Qxd4 Kf7 29. Qf4+ Ke6 30. Qe3+ Kd7 31. Qb6 Rge8 32. Qxa6 Re5 33. g3 g6 34. Qb7+ Kd6 35. Qxh7 R8e6 36. Qf7 Re1+ 37. Kg2 R1e2 38. Qf4+ Kc6 39. c4 b4 40. a3 bxa3 41. bxa3 Kc5 42. Qg5+ Kxc4 43. h5 gxh5 44. Qxh5 Kb3 45. Qf3+ Ka2 46. g4 Rb2 47. a4 Ra6 48. Qf4 Rb3 49. f3 Ka3 50. Qe5 Rxa4 51. Qd6+ Rab4 52. g5 Rb2+ 53. Kg3 Rb1 54. Qd3+ Ka4 55. Qa6+ Kb3 56. Qd3+ Ka4 57. g6 R4b3 58. Qe4+ Ka3 59. Qf5 Rg1+ 60. Kf2 Rgb1 61. g7 R1b2+ 62. Kg3 Rb8 63. Qc5+ Ka4 64. Qc6+ Ka5 65. Qd5+ R2b5 66. g8=Q Rxg8+ 67. Qxg8 Kb6 68. Qg4 Kc7 69. Qc4+ Kb6 70. Qxb5+ Kxb5 71. f4 1-0


[Site "https://www.chess.com"]

[Event "Titled Tuesday Blitz July 27 2021"]
[White "Martinez Alcantara, Jose Eduardo"]
[Black "Obregon, Andres Carlos"]
[WhiteFideId "3805662"]
[BlackFideId "111724"]
[WhiteElo "2690"]
[BlackElo "2572"]
[Result "1-0"]
[Round "09"]
[TimeControl "180+1"]
[Date "2021.07.27"]
[WhiteClock "0:00:18"]
[BlackClock "0:00:20"]

1. e4 e5 2. Nf3 Nc6 3. Bb5 a6 4. Ba4 Nf6 5. d3 b5 6. Bb3 Bc5 7. a4 Rb8 8. O-O h6 9. c3 d6 10. h3 O-O 11. Re1 Re8 12. Nbd2 Bb6 13. Nf1 Be6 14. Bxe6 Rxe6 15. Be3 Qd7 16. Bxb6 Rxb6 17. axb5 axb5 18. b4 Re8 19. Ng3 g6 20. Qd2 Kg7 21. d4 Rbb8 22. Rad1 Qc8 23. Re3 Ra8 24. Nh4 Ne7 25. Rf3 Nh7 26. Rd3 Qe6 27. Nf3 Ra2 28. Qe3 Nf6 29. dxe5 dxe5 30. Qc5 Qc6 31. Qxe5 Nc8 32. Qd4 Nb6 33. e5 Nfd5 34. Qc5 Re6 35. Rxd5 Nxd5 36. Rxd5 Qxc5 37. Rxc5 Rea6 38. Rxc7 Rc2 39. Ne4 Re2 40. Nd6 Ra1+ 41. Kh2 Rxf2 42. Rxf7+ Kg8 43. e6 Re2 44. e7 Rd1 45. Rf8+ Kg7 46. e8=Q Rxe8 47. Rxe8 Rxd6 48. Rb8 Rc6 49. Rxb5 Rxc3 50. Rc5 Rb3 51. b5 g5 52. Nd4 Rb2 53. Rc3 Rb4 54. Rd3 Kf6 55. Kg3 h5 56. Kf3 Kg6 57. Ke4 g4 58. hxg4 hxg4 59. Kf4 Kh5 60. g3 Rb1 61. Rb3 Rf1+ 62. Ke4 Re1+ 63. Kd5 1-0


[Site "https://www.chess.com"]

[Event "Titled Tuesday Blitz July 27 2021"]
[White "Moroni, Luca Jr"]
[Black "Goncalves, Ivan Mesquita V"]
[WhiteFideId "865834"]
[BlackFideId "2114224"]
[WhiteElo "2491"]
[BlackElo "2299"]
[Result "1-0"]
[Round "09"]
[TimeControl "180+1"]
[Date "2021.07.27"]
[WhiteClock "0:00:06"]
[BlackClock "0:00:02"]

1. d4 d5 2. c4 e6 3. Nc3 a6 4. cxd5 exd5 5. Nf3 Nf6 6. Bg5 Be6 7. e3 Nbd7 8. Bd3 Bd6 9. h3 h6 10. Bf4 Bxf4 11. exf4 Nb6 12. O-O O-O 13. Re1 Qd6 14. Ne5 c5 15. dxc5 Qxc5 16. Rc1 Qd6 17. Bb1 Rac8 18. Qd4 Nc4 19. b3 Na5 20. Na4 Nc6 21. Qd2 Rfd8 22. Nc5 Rc7 23. Nxb7 Rxb7 24. Rxc6 Qa3 25. Qd3 Qb4 26. Rcc1 Qxf4 27. Qxa6 Rbb8 28. Nc6 Ra8 29. Qd3 Re8 30. Nd4 Ne4 31. Qe3 Qxe3 32. Rxe3 Nd2 33. a4 Reb8 34. Bd3 Kf8 35. Bb5 Ne4 36. f3 Nd6 37. Rc7 Nxb5 38. Nxb5 Rb6 39. Nd4 Rb4 40. Nxe6+ fxe6 41. Rxe6 Rd8 42. Ree7 d4 43. Rf7+ Kg8 44. Rxg7+ Kf8 45. Rcf7+ Ke8 46. Re7+ Kf8 47. Rgf7+ Kg8 48. Rd7 Rbb8 49. Kf2 d3 50. Ke3 Re8+ 51. Kxd3 Rxb3+ 52. Kc4 Rb2 53. Rg7+ Kh8 54. Rh7+ Kg8 55. Rdg7+ Kf8 56. Rh8+ Kxg7 57. Rxe8 Rxg2 58. Re3 Ra2 59. Kb4 Kf6 60. Ra3 Rb2+ 61. Kc3 Rb8 62. a5 Ra8 63. a6 Ra7 64. Kd4 Kg5 65. Kc5 Kh4 66. Kb6 Ra8 67. f4 h5 68. Ra5 Rh8 69. a7 Kxh3 70. Rxh5+ Rxh5 71. a8=Q Kg4 72. Qe4 Rf5 73. Kc6 Rxf4 74. Qg2+ Kf5 75. Kd5 Kf6 76. Qg3 Rf5+ 77. Kd6 Rg5 78. Qf4+ Kg6 79. Ke6 Kh5 80. Kf6 Rg6+ 81. Kf7 Rg7+ 82. Kf8 Rg4 83. Qh2+ Kg5 84. Kf7 Rh4 85. Qe5+ Kg4 86. Kg6 Kf3 87. Qd5+ Kg3 88. Qb3+ Kg4 89. Qc4+ Kg3 90. Qd3+ Kg4 91. Qe3 Rh3 92. Qe4+ Kg3 93. Kg5 Kh2 94. Qe2+ Kh1 95. Kg4 Ra3 96. Qd1+ Kg2 97. Qd2+ Kf1 98. Qc1+ 1-0


[Site "https://www.chess.com"]

[Event "Titled Tuesday Blitz July 27 2021"]
[White "Muradli, Mahammad"]
[Black "Ismagilov, Damir"]
[WhiteFideId "13409301"]
[BlackFideId "34199982"]
[WhiteElo "2482"]
[BlackElo "2075"]
[Result "0-1"]
[Round "09"]
[TimeControl "180+1"]
[Date "2021.07.27"]
[WhiteClock "0:00:01"]
[BlackClock "0:00:17"]

1. Nf3 Nf6 2. d4 d5 3. c4 dxc4 4. e3 e6 5. Bxc4 c5 6. O-O a6 7. dxc5 Bxc5 8. Qxd8+ Kxd8 9. Be2 Ke7 10. Nfd2 Bd7 11. Nb3 Bd6 12. f3 Nc6 13. e4 Nb4 14. Na3 b5 15. Be3 Rhc8 16. Rfd1 e5 17. Rd2 Be6 18. Na5 Rab8 19. Rad1 Ne8 20. b3 Bc5 21. Kf2 f6 22. Nb1 Bxe3+ 23. Kxe3 Nc2+ 24. Kf2 Nd4 25. Bf1 Rc7 26. Rb2 Rbc8 27. Bd3 Rc1 28. Rxc1 Rxc1 29. a4 Nd6 30. axb5 axb5 31. Nd2 Ra1 32. b4 Rd1 33. Be2 Rc1 34. Bf1 Rc3 35. Ke1 g5 36. Kd1 h5 37. h3 g4 38. hxg4 hxg4 39. Ke1 gxf3 40. gxf3 Nxf3+ 41. Nxf3 Rxf3 42. Bg2 Re3+ 43. Kf2 Rc3 44. Rd2 Ra3 45. Rc2 Nc4 46. Nb7 Kf7 47. Nc5 Ne3 0-1


[Site "https://www.chess.com"]

[Event "Titled Tuesday Blitz July 27 2021"]
[White "Nakamura, Hikaru"]
[Black "Sarana, Alexey"]
[WhiteFideId "2016192"]
[BlackFideId "24133795"]
[WhiteElo "2900"]
[BlackElo "2646"]
[Result "1-0"]
[Round "09"]
[TimeControl "180+1"]
[Date "2021.07.27"]
[WhiteClock "0:00:25"]
[BlackClock "0:00:06"]

1. e4 e5 2. Nf3 Nc6 3. Bb5 a6 4. Ba4 Nf6 5. O-O Nxe4 6. d4 b5 7. Bb3 d5 8. dxe5 Be6 9. Nbd2 Nc5 10. c3 d4 11. Bxe6 Nxe6 12. cxd4 Ncxd4 13. a4 Bb4 14. axb5 Nxb5 15. Qa4 c5 16. Ne4 O-O 17. Rd1 Qc7 18. Be3 Rfb8 19. Qc2 Rd8 20. Neg5 Nf8 21. Rxd8 Rxd8 22. Rxa6 Qb7 23. Ra1 Nd4 24. Bxd4 cxd4 25. Qb3 d3 26. Rd1 h6 27. Nxf7 Qxf7 28. Qxb4 Ne6 29. Qc4 Qf5 30. h3 Kh8 31. Qg4 Qf7 32. Qc4 Qf5 33. Nh4 Qh5 34. Rd2 Nd4 35. g3 Qxe5 36. Ng6+ 1-0


[Site "https://www.chess.com"]

[Event "Titled Tuesday Blitz July 27 2021"]
[White "Onyshchuk, Volodymyr"]
[Black "Oparin, Grigoriy"]
[WhiteFideId "14114038"]
[BlackFideId "24125890"]
[WhiteElo "2603"]
[BlackElo "2628"]
[Result "1-0"]
[Round "09"]
[TimeControl "180+1"]
[Date "2021.07.27"]
[WhiteClock "0:00:11"]
[BlackClock "0:00:11"]

1. Nf3 Nf6 2. g3 d5 3. Bg2 c5 4. O-O g6 5. d3 Bg7 6. Nc3 O-O 7. e4 Nc6 8. h3 dxe4 9. dxe4 Qc7 10. Bf4 e5 11. Bg5 Be6 12. Bxf6 Bxf6 13. Nd5 Bxd5 14. exd5 Nd4 15. Nd2 Bg7 16. a4 Nf5 17. c3 Nd6 18. a5 f5 19. Qa4 e4 20. Rfe1 a6 21. f4 Rae8 22. Nf1 h6 23. Ne3 g5 24. Rf1 Bf6 25. Qd1 Kh7 26. Qh5 Qg7 27. g4 gxf4 28. Rxf4 Bg5 29. Nxf5 Nxf5 30. Rxf5 e3 31. d6 Re5 32. Raf1 Rfxf5 33. gxf5 Bf6 34. Qf3 Re8 35. Re1 Bg5 36. Qxb7 Qxb7 37. Bxb7 Rd8 38. Bxa6 Rxd6 39. Be2 Rd2 40. a6 Bh4 41. Ra1 Rxe2 42. a7 1-0


[Site "https://www.chess.com"]

[Event "Titled Tuesday Blitz July 27 2021"]
[White "Petrovskyi, Vadym"]
[Black "Willow, Jonah B"]
[WhiteFideId "14165210"]
[BlackFideId "438804"]
[WhiteElo "2305"]
[BlackElo "2261"]
[Result "1/2-1/2"]
[Round "09"]
[TimeControl "180+1"]
[Date "2021.07.27"]
[WhiteClock "0:00:06"]
[BlackClock "0:00:12"]

1. e4 c5 2. Nf3 Nc6 3. d4 cxd4 4. Nxd4 g6 5. c4 Nf6 6. Nc3 d6 7. Be2 Nxd4 8. Qxd4 Bg7 9. Be3 O-O 10. Qd2 a5 11. O-O a4 12. f3 Qa5 13. Rfc1 Be6 14. Rab1 Rfc8 15. b4 axb3 16. axb3 Qb4 17. Kh1 Nd7 18. Qc2 Bxc3 19. Qxc3 Qxc3 20. Rxc3 b5 21. h3 Ra3 22. Bd4 bxc4 23. Bxc4 Bxc4 24. Rxc4 Rxc4 25. bxc4 Ra4 26. Rb7 Rxc4 27. Bb2 Rc2 28. Ba3 Rc3 29. Bxd6 exd6 30. Rxd7 Rd3 31. e5 d5 32. f4 Kf8 33. Kg1 Ke8 34. Ra7 Rd2 35. Kf1 h5 36. g3 Rh2 37. Rb7 Rd2 38. Ra7 Rc2 39. Ra4 Ke7 40. Ra6 Ke8 41. Rd6 Rd2 42. g4 hxg4 43. hxg4 Rd4 44. f5 gxf5 45. gxf5 Rf4+ 46. Ke2 Rxf5 47. Rxd5 Ke7 48. Ke3 Ke6 49. Ke4 Rh5 50. Rd6+ Ke7 51. Ra6 Rh4+ 52. Kd5 Rh1 53. Ra7+ Kf8 54. Ra5 Kg7 55. Ra7 Rd1+ 56. Ke4 Re1+ 57. Kf4 Rf1+ 58. Kg4 Re1 59. Kf5 Rf1+ 60. Kg5 Re1 61. Kf4 Rf1+ 62. Ke4 Re1+ 63. Kf4 1/2-1/2


[Site "https://www.chess.com"]

[Event "Titled Tuesday Blitz July 27 2021"]
[White "Rustemov, Alexander"]
[Black "Lee, Qing Aun"]
[WhiteFideId "4119002"]
[BlackFideId "5804167"]
[WhiteElo "2806"]
[BlackElo "2023"]
[Result "0-1"]
[Round "09"]
[TimeControl "180+1"]
[Date "2021.07.27"]
[WhiteClock "0:00:02"]
[BlackClock "0:00:05"]

1. d4 Nf6 2. c4 c5 3. d5 b5 4. Nf3 e6 5. Bg5 exd5 6. cxd5 h6 7. Bxf6 Qxf6 8. Qc2 Be7 9. e4 Qb6 10. a4 bxa4 11. Nbd2 Na6 12. Rxa4 Nb4 13. Qb1 d6 14. Be2 O-O 15. O-O Bd7 16. Ra3 Bf6 17. Nc4 Qc7 18. h3 Rfe8 19. Re1 a5 20. Bd1 Bb5 21. Nfd2 Bd4 22. Ba4 Bxa4 23. Rxa4 Reb8 24. b3 Re8 25. Nf3 Bc3 26. Re3 Bf6 27. g3 g6 28. Kg2 Bg7 29. Qd1 Re7 30. Qe2 Bd4 31. Nxd4 cxd4 32. Rf3 Nxd5 33. Qd3 Nc3 34. Ra1 Rxe4 35. Rc1 d5 36. Nd2 Qb7 37. Kh2 Rae8 38. Rf6 Kg7 39. Rd6 Qb4 40. Rd7 Re2 41. Qf3 R8e7 42. Rxe7 Qxe7 43. Nf1 Ra2 44. Kg2 Ne4 45. Rd1 Rxf2+ 46. Qxf2 Nxf2 47. Kxf2 Qb4 48. Rd3 a4 49. bxa4 Qxa4 50. Nd2 Kf6 51. Nf3 Qc2+ 52. Rd2 Qc5 53. Rxd4 g5 54. g4 Kg6 55. Kg3 f6 56. Rd2 Qc7+ 57. Kf2 Qc5+ 58. Kg3 h5 59. Kg2 h4 60. Nd4 Qc3 61. Nf3 Qc4 62. Nd4 Qc3 63. Nf3 Qc6 64. Nd4 Qe8 65. Nf5 Qe4+ 66. Kf2 Qf4+ 67. Ke2 Qh2+ 68. Kd1 Qxh3 69. Rd4 Qf3+ 70. Kd2 h3 71. Ne7+ Kf7 72. Nxd5 h2 73. Rd3 h1=Q 74. Ne3 Qf2+ 75. Kc3 Qc1+ 76. Kd4 Qcb2+ 77. Kc4 Qf4+ 78. Kd5 Qb5# 0-1


[Site "https://www.chess.com"]

[Event "Titled Tuesday Blitz July 27 2021"]
[White "Sadhwani, Raunak"]
[Black "Quparadze, Giga"]
[WhiteFideId "35093487"]
[BlackFideId "13602250"]
[WhiteElo "2514"]
[BlackElo "2658"]
[Result "1-0"]
[Round "09"]
[TimeControl "180+1"]
[Date "2021.07.27"]
[WhiteClock "0:00:10"]
[BlackClock "0:00:30"]

1. b3 c5 2. Bb2 d6 3. e4 Nf6 4. Bb5+ Nbd7 5. Qe2 g6 6. f4 Bg7 7. Nf3 O-O 8. Nc3 a6 9. Bxd7 Bxd7 10. O-O-O b5 11. e5 Nh5 12. Qe3 b4 13. Ne4 Qc7 14. h3 Bc6 15. Rhe1 Bxe4 16. Qxe4 Ng3 17. Qd3 dxe5 18. fxe5 Rad8 19. Qc4 Rc8 20. Kb1 a5 21. e6 f6 22. d4 Nf5 23. dxc5 Qxc5 24. Qxc5 Rxc5 25. Rd7 Re8 26. a4 h5 27. Red1 Bf8 28. R1d5 Rec8 29. g4 Ng7 30. Nd4 hxg4 31. hxg4 Rxd5 32. Rxd5 Ra8 33. Bc1 g5 34. Bd2 Ra6 35. c3 bxc3 36. Bxc3 Nxe6 37. Nxe6 Rxe6 38. Bxa5 Re4 39. Bc3 e6 40. Rd4 Re3 41. Kc2 f5 42. gxf5 exf5 43. Rd5 Rf3 44. a5 Rf2+ 45. Bd2 Rf1 46. a6 Ra1 47. Ba5 Ba3 48. Rd8+ Kf7 49. a7 Rc1+ 50. Kd2 1-0


[Site "https://www.chess.com"]